 Dungeon Crawl Stone Soup version 0.30-a0-168-g0b976cbdc4 (webtiles) character file.

Game seed: 2794407115694518752

2934 spaghetti the Grappler (level 9, -12/74 HPs)
             Began as a Gnoll Chaos Knight on Sept 29, 2022.
             Was a Plaything of Xom.
             Mangled by a red devil
             ... wielding a +0 demon trident
             ... summoned by Xom
              (14 damage)
             ... on level 10 of the Dungeon.
             The game lasted 00:12:14 (5938 turns).

spaghetti the Grappler (Gnoll Chaos Knight)         Turns: 5938, Time: 00:12:16

Health: -12/74     AC: 10    Str: 16    XL:     9   Next: 80%
Magic:  15/16      EV: 13    Int: 12    God:    Xom [......]
Gold:   328        SH:  5    Dex: 15    Spells: 14/17 levels left

rFire   . . .      SeeInvis .      - Unarmed
rCold   . . .      Faith    .    C - +0 buckler
rNeg    . . .      Spirit   .    a - +2 leather armour
rPois   .          Reflect  .    f - +0 helmet
rElec   .          Harm     .    j - +0 cloak
rCorr   .          Rampage  .    (no gloves)
Will    .....      Rnd*Tele +    d - +1 pair of boots
Stlth   +++.......               (no amulet)
HPRegen 0.22/turn                (no ring)
MPRegen 0.15/turn                (no ring)

@: weak-willed, spiked, hasted, very quick
A: fangs 1, strong nose, distributed training, agile 1, strong 1, teleportitis 1
a: Renounce Religion


You were on level 10 of the Dungeon.
You worshipped Xom.
You were a very special plaything of Xom.
You visited 1 branch of the dungeon, and saw 8 of its levels.
You also visited: Sewer.

You collected 328 gold pieces.


Innate Abilities, Weirdness & Mutations

You have very sharp teeth.
Your uncanny sense of smell can sniff out nearby items.
Your experience applies equally to all skills.
You are agile. (Dex +4, Str/Int -1)
Your muscles are strong. (Str +4, Int/Dex -1)
You are occasionally teleported next to monsters.


   Skills:
 + Level 8.2 Fighting
 + Level 4.7 Short Blades
 + Level 4.7 Long Blades
 + Level 4.7 Axes
 + Level 4.7 Maces & Flails
 + Level 4.7 Polearms
 + Level 4.7 Staves
 + Level 4.7 Ranged Weapons
 + Level 4.7 Throwing
 + Level 6.7 Armour
 + Level 5.5 Dodging
 + Level 4.7 Stealth
 + Level 4.7 Shields
 + Level 8.2 Unarmed Combat
 + Level 4.7 Spellcasting
 + Level 3.9 Conjurations
 + Level 3.9 Hexes
 + Level 3.9 Summonings
 + Level 3.9 Necromancy
 + Level 3.9 Translocations
 + Level 3.9 Transmutations
 + Level 3.9 Fire Magic
 + Level 3.9 Ice Magic
 + Level 3.9 Air Magic
 + Level 3.9 Earth Magic
 + Level 3.9 Poison Magic
 + Level 5.2 Invocations
 + Level 4.7 Evocations


You had 14 spell levels left.
You knew the following spells:

 Your Spells              Type           Power      Damage    Failure   Level
a - Call Canine Familiar  Summ           12%        N/A       19%         3

Your spell library contained the following spells:

 Spells                   Type           Power      Damage    Failure   Level
 Summon Small Mammal      Summ           48%        N/A       6%          1
 Summon Guardian Golem    Hex/Summ       12%        N/A       19%         3

Inventory:

Hand Weapons
 e - a +0 flail {mace}
   (You took it off a gnoll on level 1 of the Dungeon)
Missiles
 h - 3 atropa-tipped darts {throwing}
 i - 61 stones {throwing}
 s - 5 boomerangs {throwing}
 B - 7 poisoned darts {throwing}
Armour
 a - a +2 leather armour (worn)
 c - a +0 troll leather armour {Pargi}
   (You found it in a sewer)
 d - a +1 pair of boots (worn)
   (You found it on level 1 of the Dungeon)
 f - a +0 helmet (worn)
   (You found it on level 1 of the Dungeon)
 j - a +0 cloak (worn)
   (You took it off Crazy Yiuf on level 3 of the Dungeon)
 x - an orb of guile
   (You found it on level 5 of the Dungeon)
 C - a +0 buckler (worn)
   (You found it on level 8 of the Dungeon)
Magical Staves
 n - a staff of conjuration {!a@e2staff}
   (You found it on level 2 of the Dungeon)
Jewellery
 w - a ring of flight
   (You found it on level 3 of the Dungeon)
Wands
 b - a wand of flame (23)
   (You took it off Maurice on level 8 of the Dungeon)
Scrolls
 m - 3 scrolls of teleportation {@r4}
 o - 2 scrolls of enchant weapon
 p - a scroll of poison {!r}
 r - a scroll of identify {@r1}
 y - a scroll of magic mapping {!r}
 A - 2 scrolls of enchant armour
Potions
 q - a potion of curing {@q1}
 t - a potion of attraction {!q}
 u - 2 potions of haste {@q3}
 z - 3 potions of mutation {!q}
 D - a potion of degeneration {!q@e2}
 E - a potion of flight {unknown}
Miscellaneous
 k - a piece from Xom's chessboard (15/15)

Dungeon Overview and Level Annotations

Branches:
Dungeon (10/15) Zot: 26613   Sewer (visited)
 Temple: D:4-7         Lair: D:8-11         Orc: D:9-12

Altars:
Dithmenos
Kikubaaqudgha
Nemelex Xobeh

Shops:
D:1 : D:8

( #.......#
##.......####
+.........'..
##.........##. ##
#...........# ...
###.......### ....
#+#...#'#.# .....
โˆ†#####.Do##......
#....5@Ty.....
#..o4hl##.....
#o.o5.ยง.# ...
+.......# #
#.......# #......##
โˆ† #......'
###...## โˆ†


You could see a troll (weak-willed), a red devil (summoned, weak-willed, ally
target), a killer bee (weak-willed), an iron imp (summoned, weak-willed, ally
target), an ufetubus (summoned, weak-willed, ally target), a friendly steam
dragon (summoned, catching breath, weak-willed), a friendly wyvern (summoned,
weak-willed), a friendly hound (summoned, weak-willed), 2 friendly orc wizards
and 2 friendly orcs.


Message History

Unknown command.
Okay, then.
Okay, then.
You feel much better. The killer bee stings you.
You are poisoned.
The killer bee poisons you! The ufetubus misses you.
The ufetubus hits you but does no damage.
You block the troll's attack. The troll claws you but does no damage.
The troll misses you.
Your hound bites the shadow imp.
The white imp misses you.
The shadow imp closely misses your hound.
The iron imp barely misses your hound. The killer bee closely misses you.
The red devil barely misses you. ๐Ÿ˜• HP[+32]
You regained 32 hp, and now have 56/74 hp.
Unknown command.
Unknown command.
As you read the scroll of summoning, it crumbles to dust.
Wisps of shadow whirl around you...
You feel very sick. The killer bee closely misses you. The ufetubus misses you.
The ufetubus hits you but does no damage.
Your hound bites the shadow imp but does no damage.
The troll completely misses you. The troll claws you! The troll claws you.
The white imp sputters.
The white imp gestures at you. The puff of frost hits you.
* * * LOW HITPOINT WARNING * * *
The shadow imp barely misses your hound.
The killer bee closely misses you. The red devil barely misses you.
You block the ufetubus's attack. The ufetubus hits you.
* * * LOW HITPOINT WARNING * * *
The iron imp hits your hound.
Your hound bites the shadow imp. ๐Ÿ˜จ HP[-20]
You take 20 damage, and now have 36/74 hp.
MASSIVE DAMAGE!! (PAUSE) Unknown command.
Unknown command.
Unknown command.
You feel yourself speed up.
You feel sick. The killer bee stings you.
* * * LOW HITPOINT WARNING * * *
The ufetubus barely misses you. The ufetubus hits you.
* * * LOW HITPOINT WARNING * * *
You block the troll's attack. The troll claws you but does no damage.
The troll completely misses you.
Your hound bites the shadow imp.
The white imp hits you but does no damage.
You block the red devil's attack.
The killer bee stings you but does no damage.
The shadow imp picks up a beetle and eats it.
The shadow imp misses your hound.
Your wyvern barely misses the killer bee.
The iron imp hits your hound!
Your orc wizard gestures at the shadow imp while chanting.
The shadow imp appears confused.
Your orc hits the white imp with a +0 hand axe.
Your steam dragon barely misses the white imp. x2
Your orc throws a boomerang of dispersal.
The boomerang of dispersal hits the iron imp but does no damage. ๐Ÿ˜จ HP[-11]
You take 11 damage, and now have 25/74 hp.
Unknown command.
Unknown command.
Unknown command.
As you read the scroll labelled VOIPPE LIFAITZ, it crumbles to dust.
Magic quickly surges around you.
It was a scroll of vulnerability.
You feel sick. The killer bee closely misses you.
Your hound bites the shadow imp but does no damage.
You block the ufetubus's attack.
The ufetubus hits you but does no damage.
The troll bites you!
* * * LOW HITPOINT WARNING * * *
The troll claws you.
* * * LOW HITPOINT WARNING * * *
The troll claws you but does no damage.
Your wyvern bites the killer bee!
The killer bee dies!
You block the white imp's attack.
The red devil hits you from afar with a +0 demon trident!
* * * LOW HITPOINT WARNING * * *
Barbed spikes become lodged in your body.
The shadow imp misses your hound. ๐Ÿ˜ฑ HP[-22] MP[+1]
You take 22 damage, and now have 3/74 hp.
MASSIVE DAMAGE!! (PAUSE)
You feel better.
Your hound bites the shadow imp.
The shadow imp dies!
The shadow imp disappears in a puff of smoke!
The ufetubus barely misses you. x2
Your orc throws a boomerang of dispersal.
The boomerang of dispersal closely misses the iron imp.
Your orc wizard barely misses the red devil.
Your steam dragon breathes steam at the white imp.
The ball of steam hits the white imp!
The white imp dies!
The white imp disappears in a puff of smoke!
The iron imp closely misses your hound. The troll bites you!
* * * LOW HITPOINT WARNING * * *
You block the troll's attack. The troll claws you but does no damage.
The red devil hits you from afar with a +0 demon trident!
You die...
Xom snickers!

Skill      XL: |  1  2  3  4  5  6  7  8  9 |
---------------+----------------------------+-----
Invocations    | 1 2 3 4 5 |  5.2
Short Blades   | 1 2 3 4 |  4.7
Long Blades    | 1 2 3 4 |  4.7
Axes           | 1 2 3 4 |  4.7
Maces & Flails | 1 2 3 4 |  4.7
Polearms       | 1 2 3 4 |  4.7
Staves         | 1 2 3 4 |  4.7
Ranged Weapons | 1 2 3 4 |  4.7
Throwing       | 1 2 3 4 |  4.7
Stealth        | 1 2 3 4 |  4.7
Shields        | 1 2 3 4 |  4.7
Spellcasting   | 1 2 3 4 |  4.7
Evocations     | 1 2 3 4 |  4.7
Conjurations   | 1 2 3 |  3.9
Hexes          | 1 2 3 |  3.9
Summonings     | 1 2 3 |  3.9
Necromancy     | 1 2 3 |  3.9
Translocations | 1 2 3 |  3.9
Transmutations | 1 2 3 |  3.9
Fire Magic     | 1 2 3 |  3.9
Ice Magic      | 1 2 3 |  3.9
Air Magic      | 1 2 3 |  3.9
Earth Magic    | 1 2 3 |  3.9
Poison Magic   | 1 2 3 |  3.9
Dodging        | 3 4 5 |  5.5
Armour         | 5 6 |  6.7
Fighting       | 7 8 |  8.2
Unarmed Combat | 7 8 |  8.2

Action                   |  1- 3 |  4- 6 |  7- 9 || total
-------------------------+-------+-------+-------++-------
Melee: Unarmed           |    56 |   161 |   256 ||   473
       Bite              |     3 |    14 |    24 ||    41
       Punch             |     4 |     8 |     8 ||    20
 Cast: Call Canine Famil |       |       |    11 ||    11
Evoke: Piece from Xom's  |       |       |     1 ||     1
  Use: Potion            |       |     1 |     7 ||     8
       Scroll            |       |       |    21 ||    21
 Stab: Invisible         |     1 |       |       ||     1
       Sleeping          |       |     2 |     4 ||     6
       Confused          |       |     1 |       ||     1
       Distracted        |       |       |     2 ||     2
Armor: Leather armour    |    13 |    35 |    88 ||   136
       Skin              |       |     3 |    35 ||    38
Dodge: Dodged            |    38 |    79 |   171 ||   288
Block: Buckler           |       |       |    42 ||    42

Levels and vault maps discovered:
D:1:      sevenhm_arrival_forest_fort_large_3, layout_basic,
          hellmonk_ecumenical_altar_crossroads, serial_shops, shop
D:2:      layout_basic, basic_altar, uniq_jessica
D:3:      layout_basic, mainiacjoe_overflow_tiny_flanked, minivault_26,
          minmay_misc_feat_nine_boxes, uniq_natasha, uniq_crazy_yiuf_cottage,
          uniq_grinder
D:4:      layout_basic, cheibrodos_sewer_entry_bend, uniq_sigmund, uniq_duvessa
D:5:      layout_loops_cross, uniq_edmund
D:8:      layout_cave_pools, nemelex_spade_bored_becter, serial_shops,
          nicolae_shop_stone, dk_noncrumbling_2, nicolae_shop_overcharged_wands,
          uniq_maurice
D:9:      layout_cave_pools, mainiacjoe_overflow_cross_hatched,
          mainiacjoe_overflow_chevrons, enter_bailey_8, minmay_between
D:10:     nicolae_cairo_tiling_very_big, layout_loops_ring, lair_entry_dummy,
          gammafunk_ghost_berserking_beasts

Notes
Turn   | Place    | Note
-------+----------+-------------------------------------------
     0 | D:1      | spaghetti the Gnoll Chaos Knight began the quest for the
                  | Orb.
     0 | D:1      | Reached XP level 1. HP: 23/23 MP: 1/1
     0 | D:1      | magus.rc [v1.9.6]
    51 | D:1      | XOM: potion effect (invisibility)
    57 | D:1      | Reached XP level 2. HP: 29/29 MP: 2/2
    60 | D:1      | XOM: silly message
   102 | D:1      | Found a faded altar of an unknown god.
   120 | D:1      | XOM: silly message
   251 | D:1      | XOM: divination: magic mapping
   323 | D:1      | Reached XP level 3. HP: 35/35 MP: 3/3
   364 | D:1      | XOM: noise
   412 | D:1      | Reached skill level 1 in Invocations
   602 | D:1      | Found Keytef's Book Emporium.
   609 | D:1      | Reached skill level 1 in Short Blades
   609 | D:1      | Reached skill level 1 in Long Blades
   609 | D:1      | Reached skill level 1 in Axes
   609 | D:1      | Reached skill level 1 in Maces & Flails
   609 | D:1      | Reached skill level 1 in Polearms
   609 | D:1      | Reached skill level 1 in Staves
   609 | D:1      | Reached skill level 1 in Ranged Weapons
   609 | D:1      | Reached skill level 1 in Throwing
   609 | D:1      | Reached skill level 1 in Stealth
   609 | D:1      | Reached skill level 1 in Shields
   609 | D:1      | Reached skill level 1 in Spellcasting
   609 | D:1      | Reached skill level 1 in Evocations
   791 | D:2      | Reached XP level 4. HP: 41/41 MP: 5/5
   832 | D:2      | Reached skill level 1 in Conjurations
   832 | D:2      | Reached skill level 1 in Hexes
   832 | D:2      | Reached skill level 1 in Summonings
   832 | D:2      | Reached skill level 1 in Necromancy
   832 | D:2      | Reached skill level 1 in Translocations
   832 | D:2      | Reached skill level 1 in Transmutations
   832 | D:2      | Reached skill level 1 in Fire Magic
   832 | D:2      | Reached skill level 1 in Ice Magic
   832 | D:2      | Reached skill level 1 in Air Magic
   832 | D:2      | Reached skill level 1 in Earth Magic
   832 | D:2      | Reached skill level 1 in Poison Magic
   833 | D:2      | XOM: silly message
  1095 | D:2      | You pick up a book of Callings and begin reading...
  1095 | D:2      | You add the spells Summon Small Mammal, Call Canine
                  | Familiar and Summon Guardian Golem to your library.
  1108 | D:2      | XOM: noise
  1137 | D:2      | Reached XP level 5. HP: 47/47 MP: 7/7
  1171 | D:2      | Learned a level 3 spell: Call Canine Familiar
  1394 | D:2      | Reached skill level 3 in Dodging
  1529 | D:2      | Found a shadowy altar of Dithmenos.
  1567 | D:2      | Noticed Jessica
  1576 | D:2      | XOM: confuse monster(s)
  1579 | D:2      | Killed Jessica
  1583 | D:2      | XOM: god gift: 36 gold pieces
  1735 | D:2      | XOM: give mutation
  1735 | D:2      | Gained mutation: You are dopey. (Int -2) [Xom's mischief]
  1841 | D:3      | Reached skill level 2 in Invocations
  1909 | D:3      | XOM: cloud trail
  1919 | D:3      | Reached XP level 6. HP: 49/53 MP: 8/8
  2065 | D:3      | Noticed Natasha
  2070 | D:3      | Killed Natasha
  2071 | D:3      | Reached skill level 2 in Short Blades
  2071 | D:3      | Reached skill level 2 in Long Blades
  2071 | D:3      | Reached skill level 2 in Axes
  2071 | D:3      | Reached skill level 2 in Maces & Flails
  2071 | D:3      | Reached skill level 2 in Polearms
  2071 | D:3      | Reached skill level 2 in Staves
  2071 | D:3      | Reached skill level 2 in Ranged Weapons
  2071 | D:3      | Reached skill level 2 in Throwing
  2071 | D:3      | Reached skill level 5 in Armour
  2071 | D:3      | Reached skill level 2 in Stealth
  2071 | D:3      | Reached skill level 2 in Shields
  2071 | D:3      | Reached skill level 2 in Spellcasting
  2071 | D:3      | Reached skill level 2 in Evocations
  2104 | D:3      | Found an ancient bone altar of Kikubaaqudgha.
  2128 | D:3      | Noticed Natasha
  2139 | D:3      | Killed Natasha
  2189 | D:3      | Noticed Grinder
  2190 | D:3      | Grinder changed into Grinder the lemure
  2190 | D:3      | Noticed Grinder
  2190 | D:3      | XOM: polymorph Grinder -> Grinder the lemure
  2192 | D:3      | XOM: confuse monster(s)
  2212 | D:3      | Killed Grinder the lemure
  2427 | D:3      | XOM: stat loss: -1 Int (9/10)
  2450 | D:3      | XOM: chaos cloud
  2453 | D:3      | Noticed Natasha
  2456 | D:3      | Killed Natasha
  2697 | D:3      | Found a runed translucent door.
  2698 | D:3      | Noticed Crazy Yiuf
  2711 | D:3      | Killed Crazy Yiuf
  2712 | D:3      | Reached skill level 7 in Fighting
  2712 | D:3      | Reached skill level 7 in Unarmed Combat
  2712 | D:3      | Reached XP level 7. HP: 60/60 MP: 10/10
  2857 | D:3      | XOM: summons 1 hostile shadow creature
  2988 | D:3      | Lost mutation: You are dopey. (Int -2) [potion of mutation]
  2988 | D:3      | Gained mutation: You are occasionally teleported next to
                  | monsters. [potion of mutation]
  2988 | D:3      | Gained mutation: You are agile. (Dex +4, Str/Int -1)
                  | [potion of mutation]
  2988 | D:3      | Gained mutation: Your muscles are strong. (Str +4, Int/Dex
                  | -1) [potion of mutation]
  3173 | D:4      | XOM: noise
  3203 | D:4      | Reached skill level 2 in Conjurations
  3203 | D:4      | Reached skill level 2 in Hexes
  3203 | D:4      | Reached skill level 2 in Summonings
  3203 | D:4      | Reached skill level 2 in Necromancy
  3203 | D:4      | Reached skill level 2 in Translocations
  3203 | D:4      | Reached skill level 2 in Transmutations
  3203 | D:4      | Reached skill level 2 in Fire Magic
  3203 | D:4      | Reached skill level 2 in Ice Magic
  3203 | D:4      | Reached skill level 2 in Air Magic
  3203 | D:4      | Reached skill level 2 in Earth Magic
  3203 | D:4      | Reached skill level 2 in Poison Magic
  3212 | D:4      | Found a glowing drain.
  3214 | D:4      | XOM: enchant monster (bad)
  3216 | Sewer    | Entered a sewer
  3272 | Sewer    | XOM: noise
  3318 | Sewer    | Noticed Pargi
  3332 | Sewer    | Killed Pargi
  3333 | Sewer    | Reached skill level 3 in Invocations
  3553 | D:4      | Noticed Sigmund
  3560 | D:4      | Killed Sigmund
  3614 | D:4      | Reached skill level 4 in Dodging
  3680 | D:4      | Reached skill level 3 in Short Blades
  3680 | D:4      | Reached skill level 3 in Long Blades
  3680 | D:4      | Reached skill level 3 in Axes
  3680 | D:4      | Reached skill level 3 in Maces & Flails
  3680 | D:4      | Reached skill level 3 in Polearms
  3680 | D:4      | Reached skill level 3 in Staves
  3680 | D:4      | Reached skill level 3 in Ranged Weapons
  3680 | D:4      | Reached skill level 3 in Throwing
  3680 | D:4      | Reached skill level 3 in Stealth
  3680 | D:4      | Reached skill level 3 in Shields
  3680 | D:4      | Reached skill level 3 in Spellcasting
  3680 | D:4      | Reached skill level 3 in Evocations
  3680 | D:4      | Reached XP level 8. HP: 63/67 MP: 12/12
  3877 | D:4      | Noticed Dowan
  3878 | D:4      | Noticed Duvessa
  3882 | D:4      | XOM: summons friendly crimson imp
  3903 | D:4      | Killed Duvessa
  3906 | D:4      | XOM: swap monsters
  3940 | D:4      | XOM: potion effect (might)
  4006 | D:4      | XOM: silly message
  4013 | D:4      | Killed Dowan
  4252 | D:5      | Entered Level 5 of the Dungeon
  4278 | D:5      | You fall into a shaft and drop 3 floors!
  4353 | D:8      | Noticed Maurice
  4381 | D:8      | XOM: chaos upgrade
  4405 | D:8      | Killed Maurice
  4578 | D:8      | Found Sodonnul's Overcharged Wands.
  4586 | D:8      | Noticed a wyvern
  4587 | D:8      | Found Havius's Weapon Shoppe.
  4596 | D:8      | Killed a wyvern
  4597 | D:8      | Reached skill level 6 in Armour
  4597 | D:8      | Reached skill level 3 in Conjurations
  4597 | D:8      | Reached skill level 3 in Hexes
  4597 | D:8      | Reached skill level 3 in Summonings
  4597 | D:8      | Reached skill level 3 in Necromancy
  4597 | D:8      | Reached skill level 3 in Translocations
  4597 | D:8      | Reached skill level 3 in Transmutations
  4597 | D:8      | Reached skill level 3 in Fire Magic
  4597 | D:8      | Reached skill level 3 in Ice Magic
  4597 | D:8      | Reached skill level 3 in Air Magic
  4597 | D:8      | Reached skill level 3 in Earth Magic
  4597 | D:8      | Reached skill level 3 in Poison Magic
  4597 | D:8      | Reached skill level 4 in Invocations
  4603 | D:8      | XOM: cast spell 'Summon Mana Viper'
  4716 | D:8      | Reached XP level 9. HP: 73/73 MP: 14/14
  4758 | D:8      | XOM: noise
  4831 | D:8      | XOM: divination: detect items
  4929 | D:8      | Found a sparkling altar of Nemelex Xobeh.
  5132 | D:9      | Noticed a troll
  5140 | D:9      | XOM: divination: detect items
  5144 | D:9      | Reached skill level 4 in Short Blades
  5144 | D:9      | Reached skill level 4 in Long Blades
  5144 | D:9      | Reached skill level 4 in Axes
  5144 | D:9      | Reached skill level 4 in Maces & Flails
  5144 | D:9      | Reached skill level 4 in Polearms
  5144 | D:9      | Reached skill level 4 in Staves
  5144 | D:9      | Reached skill level 4 in Ranged Weapons
  5144 | D:9      | Reached skill level 4 in Throwing
  5144 | D:9      | Reached skill level 4 in Stealth
  5144 | D:9      | Reached skill level 4 in Shields
  5144 | D:9      | Reached skill level 4 in Spellcasting
  5144 | D:9      | Reached skill level 4 in Evocations
  5150 | D:9      | HP: 6/73 [troll (13)]
  5154 | D:9      | Killed a troll
  5155 | D:9      | Reached skill level 5 in Dodging
  5493 | D:9      | XOM: divination: detect creatures
  5506 | D:9      | XOM: summons 6 friendly demons
  5508 | D:9      | Reached skill level 8 in Fighting
  5508 | D:9      | Reached skill level 8 in Unarmed Combat
  5511 | D:9      | XOM: noise
  5513 | D:9      | XOM: chaos cloud
  5515 | D:9      | Reached skill level 5 in Invocations
  5518 | D:9      | XOM: chaos upgrade
  5520 | D:9      | Paralysed by you for 5 turns
  5541 | D:9      | XOM: swap monsters
  5544 | D:9      | XOM: noise
  5546 | D:9      | HP: 5/73 [acid dragon/splash of acid (24)]
  5548 | D:10     | XOM: stealth player
  5548 | D:10     | Entered Level 10 of the Dungeon
  5659 | D:10     | XOM: silly message
  5772 | D:10     | XOM: summons 1 hostile demon
  5914 | D:10     | Noticed a troll
  5929 | D:10     | XOM: summons 5 hostile demons
  5930 | D:10     | Noticed a red devil
  5937 | D:10     | HP: 15/74 [troll (9)]
  5937 | D:10     | HP: 3/74 [red devil/+0 demon trident[Xom] (8)]
  5938 | D:10     | Mangled by a red devil

Vanquished Creatures
  Maurice (D:8)
  A troll (D:9)
  Sigmund (D:4)
  A wyvern (D:8)
  4 yaks (D:9)
  Duvessa (D:4)
  A sky beast (D:8)
  A black bear (D:4)
  Pargi (Sewer)
  A centaur (D:10)
  A lemure (D:3)
  A bullfrog (D:8)
  A wight (D:9)
  2 killer bees
  An orc priest (D:3)
  Crazy Yiuf (D:3)
  2 gnoll boudas (D:9)
  Jessica (D:2)
  An iguana (D:4)
  Natasha (thrice) (D:3)
  A nameless horror (D:4)
  6 gnolls
  9 adders
  6 worms
  A dart slug (D:1)
  4 orcs (D:3)
  11 ball pythons
  2 bats
  4 endoplasms
  4 goblins
  7 hobgoblins
  3 jackals (D:1)
  7 kobolds
  4 quokkas
  7 frilled lizards
  4 rats (D:2)
107 creatures vanquished.

Vanquished Creatures (collateral kills)
  A bullfrog (D:8)
  2 wights (D:9)
  Dowan (D:4)
  A killer bee (D:10)
  An orc priest (D:3)
  An orc wizard (D:9)
  A gnoll (D:9)
  A white imp (D:8)
  An orc (D:3)
  A bat (D:3)
  A goblin (D:3)
  A quokka (D:3)
13 creatures vanquished.

Grand Total: 120 creatures vanquished

Table legend:
 A = Non-vault XP
 B = Vault XP
 C = Vault XP percentage of total XP
 D = Non-vault monster count
 E = Vault monster count
 F = Vault count percentage of total count
                 A         B        C        D         E       F
            +---------+---------+-------+---------+---------+-------
      Total |    2473 |    1719 |  41.0 |      99 |      20 |  16.8
            +---------+---------+-------+---------+---------+-------
        D:1 |      70 |       0 |   0.0 |      25 |       0 |   0.0
        D:2 |     130 |      37 |  22.2 |      24 |       1 |   4.0
        D:3 |     234 |     178 |  43.2 |      23 |       3 |  11.5
        D:4 |     203 |     433 |  68.1 |      10 |       5 |  33.3
        D:8 |     528 |     480 |  47.6 |       5 |       1 |  16.7
        D:9 |    1076 |     450 |  29.5 |       9 |       4 |  30.8
       D:10 |     232 |       0 |   0.0 |       3 |       0 |   0.0
      Sewer |       0 |     141 | 100.0 |       0 |       6 | 100.0
            +---------+---------+-------+---------+---------+-------

Illustrated notes

Table legend:
 A = Kills in this place as a percentage of kills in entire the game.
 B = Kills by you in this place as a percentage of kills by you in the entire game.
 C = Kills by friends in this place as a percentage of kills by friends in the entire game.
 D = Other kills in this place as a percentage of other kills in the entire game.
 E = Experience gained in this place as a percentage of experience gained in the entire game.
 F = Experience gained in this place divided by the number of levels of this place that you have seen.
                   A       B       C       D       E      F
               +-------+-------+-------+-------+-------+----------------------
         Total | 100.0 | 100.0 | 100.0 | 100.0 | 100.0 | 465.8
       Dungeon |  95.0 |  94.3 | 100.0 | 100.0 |  96.6 | 506.4
         Sewer |   5.0 |   5.7 |   0.0 |   0.0 |   3.4 | 141.0
               +-------+-------+-------+-------+-------+----------------------

Table legend: (Time is in decaauts)
 A = Elapsed time spent in this place.
 B = Non-inter-level travel time spent in this place.
 C = Inter-level travel time spent in this place.
 D = Time resting spent in this place.
 E = Time spent auto-exploring this place.
 F = Levels seen in this place.
 G = Mean time per level.
                   A        B        C        D        E       F      G
               +--------+--------+--------+--------+--------+-----+--------+
         Total |   5926 |   5813 |    113 |    645 |   4111 |   9 |  658.4 |
       Dungeon |   5636 |   5523 |    113 |    645 |   3887 |   8 |  704.5 |
         Sewer |    289 |    289 |      0 |      0 |    224 |   1 |  289.0 |
               +--------+--------+--------+--------+--------+-----+--------+

Top non-repeatable levels by time:
     D:3: 1410 daAuts
     D:8: 1144 daAuts
     D:2: 948 daAuts
     D:4: 835 daAuts
     D:1: 773 daAuts
    D:10: 386 daAuts
   Sewer: 289 daAuts
     D:9: 113 daAuts
     D:5: 25 daAuts
